PCL
MEXICO CITY CERVECEROS @ VANCOUVER VIPERS
05/24/2029
 
TOP OF THE 1ST
Mexico City Cerveceros batting - Pitching for Vancouver Vipers : LHP Phil Paul
Pitching: LHP Phil Paul
Batting: RHB John Dinkins 0-0: Ball
1-0: Ground out 4-3 (Groundball, 4)
Batting: RHB Robinson Pacheco 0-0: Ball
1-0: Ball
2-0: Foul Ball, location: 2F
2-1: Foul Ball, location: 2F
2-2: Ball
3-2: Foul Ball, location: 2F
3-2: Base on Balls
Batting: RHB Juan Brieno 0-0: Called Strike
0-1: Ball
1-1: Called Strike
1-2: Strikes out swinging
Batting: SHB Nate Rhodes 0-0: Ball
1-0: Called Strike
1-1: Called Strike
1-2: Strikes out looking
Top of the 1st over - 0 runs, 0 hits, 0 errors, 1 left on base; Mexico City 0 - Vancouver 0
BOTTOM OF THE 1ST
Vancouver Vipers batting - Pitching for Mexico City Cerveceros : RHP Jacob Bryant
Pitching: RHP Jacob Bryant
Batting: LHB Brian Ford 0-0: Swinging Strike
0-1: Called Strike
0-2: Foul Ball, location: 2F
0-2: Ball
1-2: Ground out U3 (Groundball, 3L)
Batting: RHB Max Alexander 0-0: Ball
1-0: Foul Ball, location: 2F
1-1: Foul Ball, location: 2F
1-2: Ball
2-2: Ball
3-2: Base on Balls
Batting: LHB Collin Smith 0-0: Ball
1-0: Called Strike
1-1: SINGLE (Line Drive, 4M)
Max Alexander to second
Batting: LHB Stan Bates 0-0: Ball
1-0: Foul Ball, location: 2F
1-1: Fly out, F9 (Flyball, 9)
Batting: LHB Mike Williams 0-0: Ball
1-0: Ball
2-0: Called Strike
2-1: Ground out 1-3 (Groundball, 13S)
Bottom of the 1st over - 0 runs, 1 hit, 0 errors, 2 left on base; Mexico City 0 - Vancouver 0
TOP OF THE 2ND
Mexico City Cerveceros batting - Pitching for Vancouver Vipers : LHP Phil Paul
Batting: RHB Lee Price 0-0: Ball
1-0: Ball
2-0: Foul Ball, location: 2F
2-1: Ball
3-1: Called Strike
3-2: Base on Balls
Batting: LHB John Nicholson 0-0: Ball
1-0: Ball
2-0: Ball
3-0: Ground out 4-3 (Groundball, 4S)
Lee Price to second
Batting: RHB Dave Morgan 0-0: Called Strike
0-1: Swinging Strike
0-2: Ball
1-2: Strikes out looking
Batting: LHB Javier Martínez 0-0: Ball
1-0: Ball
2-0: Called Strike
2-1: Swinging Strike
2-2: Strikes out swinging
Top of the 2nd over - 0 runs, 0 hits, 0 errors, 1 left on base; Mexico City 0 - Vancouver 0
BOTTOM OF THE 2ND
Vancouver Vipers batting - Pitching for Mexico City Cerveceros : RHP Jacob Bryant
Batting: RHB Lorenzo González 0-0: Fly out, F9 (Flyball, 89M)
Batting: RHB Ryan Parrish 0-0: Foul Ball, location: 2F
0-1: Ball
1-1: Ball
2-1: Foul Ball, location: 2F
2-2: Foul Ball, location: 2F
2-2: Ball
3-2: Strikes out swinging
Batting: RHB Quincy Vance 0-0: Ball
1-0: Foul Ball, location: 2F
1-1: Swinging Strike
1-2: Ground out 3-1 (Groundball, 34)
Bottom of the 2nd over - 0 runs, 0 hits, 0 errors, 0 left on base; Mexico City 0 - Vancouver 0
TOP OF THE 3RD
Mexico City Cerveceros batting - Pitching for Vancouver Vipers : LHP Phil Paul
Batting: RHB Júlio López 0-0: Ball
1-0: Ground out 4-3 (Groundball, 4)
Batting: RHB John Dinkins 0-0: DOUBLE (Line Drive, 89D)
Batting: RHB Robinson Pacheco 0-0: Swinging Strike
0-1: Foul Ball, location: 2F
0-2: Foul Ball, location: 2F
0-2: Ball
Wild Pitch!
John Dinkins to third
1-2: Strikes out swinging
Batting: RHB Juan Brieno 0-0: Ball
1-0: Ball
2-0: Fly out, F4 (Popup, 34S)
Top of the 3rd over - 0 runs, 1 hit, 0 errors, 1 left on base; Mexico City 0 - Vancouver 0
BOTTOM OF THE 3RD
Vancouver Vipers batting - Pitching for Mexico City Cerveceros : RHP Jacob Bryant
Batting: RHB Axel Guimont 0-0: Called Strike
0-1: Called Strike
0-2: Ball
1-2: Foul Ball, location: 2F
1-2: Ball
2-2: Strikes out swinging
Batting: LHB Brian Ford 0-0: Ball
1-0: Ground out 5-3 (Groundball, 56D)
Batting: RHB Max Alexander 0-0: Ball
1-0: Ball
2-0: Ball
3-0: Base on Balls
Batting: LHB Collin Smith 0-0: Ball
1-0: Ball
2-0: Called Strike
2-1: Foul Ball, location: 2F
2-2: DOUBLE (Flyball, 89D)
Max Alexander to third
Batting: LHB Stan Bates 0-0: Called Strike
0-1: Ball
1-1: Foul Ball, location: 2F
1-2: Ball
2-2: Strikes out swinging
Bottom of the 3rd over - 0 runs, 1 hit, 0 errors, 2 left on base; Mexico City 0 - Vancouver 0
TOP OF THE 4TH
Mexico City Cerveceros batting - Pitching for Vancouver Vipers : LHP Phil Paul
Batting: SHB Nate Rhodes 0-0: Ball
1-0: Swinging Strike
1-1: Ball
2-1: Ball
3-1: Foul Ball, location: 2F
3-2: Foul Ball, location: 2F
3-2: Strikes out swinging
Batting: RHB Lee Price 0-0: Ball
1-0: Ball
2-0: Ball
3-0: Base on Balls
Batting: LHB John Nicholson 0-0: Ball
1-0: Reached on error, E8 (Line Drive, 8LM)
Lee Price to third
Batting: RHB Dave Morgan 0-0: Fly out, F9 (Flyball, 89S)
Runner from 3rd tags up, SCORES, throw made
Batting: LHB Javier Martínez 0-0: Called Strike
0-1: Called Strike
0-2: Fly out, F8 (Flyball, 78M)
Top of the 4th over - 1 run, 0 hits, 1 error, 1 left on base; Mexico City 1 - Vancouver 0
BOTTOM OF THE 4TH
Vancouver Vipers batting - Pitching for Mexico City Cerveceros : RHP Jacob Bryant
Batting: LHB Mike Williams 0-0: Called Strike
0-1: Foul Ball, location: 2F
0-2: Ball
1-2: Foul Ball, location: 2F
1-2: Fly out, F4 (Line Drive, 4)
Batting: RHB Lorenzo González 0-0: Foul Ball, location: 2F
0-1: Swinging Strike
0-2: Ball
1-2: Fly out, F7 (Flyball, 7S)
Batting: RHB Ryan Parrish 0-0: Ball
1-0: Called Strike
1-1: Ball
2-1: Ball
3-1: Called Strike
3-2: Foul Ball, location: 2F
3-2: Base on Balls
Batting: RHB Quincy Vance 0-0: Ball
1-0: Called Strike
1-1: Ball
2-1: Foul Ball, location: 2F
2-2: Foul Ball, location: 2F
2-2: Fly out, F3 (Popup, 34S)
Bottom of the 4th over - 0 runs, 0 hits, 0 errors, 1 left on base; Mexico City 1 - Vancouver 0
TOP OF THE 5TH
Mexico City Cerveceros batting - Pitching for Vancouver Vipers : LHP Phil Paul
Batting: RHB Júlio López 0-0: Ball
1-0: Ball
2-0: Foul Ball, location: 2F
2-1: Swinging Strike
2-2: Strikes out swinging
Batting: RHB John Dinkins 0-0: SINGLE (Groundball, 25) (infield hit)
Batting: RHB Robinson Pacheco 0-0: Ball
1-0: Ball
2-0: Foul Ball, location: 2F
2-1: Reached on error, E8 (Flyball, 8RD)
John Dinkins to third
Batting: RHB Juan Brieno 0-0: Ball
1-0: Ball
2-0: Called Strike
2-1: Swinging Strike
2-2: Ball
3-2: Ground out 3-1 (Groundball, 34S)
Batting: SHB Nate Rhodes 0-0: Ball
1-0: Ball
2-0: Swinging Strike
2-1: Foul Ball, location: 2F
2-2: Strikes out swinging
Top of the 5th over - 0 runs, 1 hit, 1 error, 2 left on base; Mexico City 1 - Vancouver 0
BOTTOM OF THE 5TH
Vancouver Vipers batting - Pitching for Mexico City Cerveceros : RHP Jacob Bryant
Batting: RHB Axel Guimont 0-0: Ball
1-0: Ball
2-0: Ball
3-0: Called Strike
3-1: SINGLE (Groundball, 2L) (infield hit)
Batting: LHB Brian Ford 0-0: Foul Ball, location: 2F
0-1: Ball
1-1: Ball
2-1: Fly out, F8 (Flyball, 8LD)
Batting: RHB Max Alexander 0-0: Called Strike
0-1: Ball
1-1: Foul Ball, location: 2F
1-2: Ball
2-2: Strikes out looking
Batting: LHB Collin Smith 0-0: SINGLE (Line Drive, 56)
Axel Guimont to second
Runner from 2nd tries for 3rd, SAFE, no throw
Batting: LHB Stan Bates 0-0: Called Strike
0-1: SINGLE (Groundball, 4MD)
Axel Guimont scores
Collin Smith to second
Runner from 2nd tries for 3rd, SAFE, no throw
Batting: LHB Mike Williams 0-0: Ball
1-0: Fielders Choice at 2nd, 6-4 (Groundball, 56)
Bottom of the 5th over - 1 run, 3 hits, 0 errors, 2 left on base; Mexico City 1 - Vancouver 1
TOP OF THE 6TH
Mexico City Cerveceros batting - Pitching for Vancouver Vipers : LHP Phil Paul
Batting: RHB Lee Price 0-0: Ball
1-0: SINGLE (Line Drive, 8LS)
Batting: LHB John Nicholson 0-0: Ball
1-0: Swinging Strike
1-1: Ball
2-1: Called Strike
2-2: Strikes out swinging
Batting: RHB Dave Morgan 0-0: Ball
1-0: Ball
2-0: Called Strike
2-1: Ball
3-1: Base on Balls
Lee Price to second
Batting: LHB Javier Martínez 0-0: Ball
1-0: Ball
2-0: Called Strike
2-1: Ball
3-1: Base on Balls
Lee Price to third
Dave Morgan to second
Pitching: RHP Pedro Días
Batting: RHB Júlio López 0-0: Ball
1-0: Ball
2-0: SINGLE (Groundball, 34D)
Lee Price scores
Dave Morgan to third
Javier Martínez to second
Batting: RHB John Dinkins 0-0: Called Strike
0-1: Ball
1-1: Grounds into fielders choice 6-2 (Groundball, 6S)
Javier Martínez to third
Júlio López to second
Batting: RHB Robinson Pacheco 0-0: Swinging Strike
0-1: Fielders Choice at 2nd, 5-4 (Groundball, 56)
Top of the 6th over - 1 run, 2 hits, 0 errors, 3 left on base; Mexico City 2 - Vancouver 1
BOTTOM OF THE 6TH
Vancouver Vipers batting - Pitching for Mexico City Cerveceros : RHP Jacob Bryant
Pitching: RHP Jonathan Long
Batting: RHB Lorenzo González 0-0: Ball
1-0: SINGLE (Groundball, 56D)
Batting: RHB Ryan Parrish 0-0: Foul Ball, location: 2F
0-1: Ball
1-1: Called Strike
1-2: Strikes out swinging
Batting: RHB Quincy Vance 0-0: Called Strike
0-1: Foul Ball, location: 2F
0-2: Ball
1-2: Foul Ball, location: 2F
1-2: Foul Ball, location: 2F
1-2: Strikes out swinging
Lorenzo González steals 2nd base
Batter strikes out.
Batting: RHB Axel Guimont 0-0: Ground out 6-3 (Groundball, 56)
Bottom of the 6th over - 0 runs, 1 hit, 0 errors, 1 left on base; Mexico City 2 - Vancouver 1
TOP OF THE 7TH
Mexico City Cerveceros batting - Pitching for Vancouver Vipers : RHP Pedro Días
Batting: RHB Juan Brieno 0-0: Swinging Strike
0-1: Ball
1-1: Ball
2-1: Called Strike
2-2: Ball
3-2: Strikes out looking
Batting: SHB Nate Rhodes 0-0: Ball
1-0: Ball
2-0: Ball
3-0: Called Strike
3-1: Base on Balls
Batting: RHB Lee Price 0-0: 2-RUN HOME RUN (Line Drive, 7LD), Distance : 373 ft
Pitching: RHP Mark Greene
Batting: LHB John Nicholson 0-0: Called Strike
0-1: Called Strike
0-2: Ball
1-2: Ball
2-2: Strikes out swinging
Batting: RHB Dave Morgan 0-0: Swinging Strike
0-1: Swinging Strike
0-2: Ball
1-2: Strikes out looking
Top of the 7th over - 2 runs, 1 hit, 0 errors, 0 left on base; Mexico City 4 - Vancouver 1
BOTTOM OF THE 7TH
Vancouver Vipers batting - Pitching for Mexico City Cerveceros : RHP Jonathan Long
Batting: LHB Brian Ford 0-0: Called Strike
0-1: Ball
1-1: Ball
2-1: SINGLE (Groundball, 34D)
Batting: RHB Max Alexander 0-0: Ball
1-0: Ball
2-0: Ball
3-0: Base on Balls
Brian Ford to second
Batting: LHB Collin Smith 0-0: Ball
1-0: Ball
2-0: Called Strike
2-1: SINGLE (Flyball, 78M)
Brian Ford to third
Max Alexander to second
Batting: LHB Stan Bates 0-0: Ball
1-0: Ball
2-0: Foul Ball, location: 2F
2-1: GRAND SLAM HOME RUN (Flyball, 78XD), Distance : 422 ft
Pitching: RHP Raúl Gómez
Batting: LHB Mike Williams 0-0: Called Strike
0-1: Foul Ball, location: 2F
0-2: Ball
1-2: Strikes out looking
Batting: RHB Lorenzo González 0-0: Called Strike
0-1: Foul Ball, location: 2F
0-2: Foul Ball, location: 2F
0-2: Foul Ball, location: 2F
0-2: Ball
1-2: Foul Ball, location: 2F
1-2: Strikes out swinging
Batting: RHB Ryan Parrish 0-0: Called Strike
0-1: Ball
1-1: Foul Ball, location: 2F
1-2: Strikes out swinging
Bottom of the 7th over - 4 runs, 3 hits, 0 errors, 0 left on base; Mexico City 4 - Vancouver 5
TOP OF THE 8TH
Mexico City Cerveceros batting - Pitching for Vancouver Vipers : RHP Mark Greene
Batting: LHB Javier Martínez 0-0: Ball
1-0: Called Strike
1-1: Foul Ball, location: 2F
1-2: Foul Ball, location: 2F
1-2: Ground out 5-3 (Groundball, 56)
Batting: RHB Júlio López 0-0: Ground out 1-3 (Groundball, 13)
Batting: RHB John Dinkins 0-0: Swinging Strike
0-1: Called Strike
0-2: Strikes out swinging
Top of the 8th over - 0 runs, 0 hits, 0 errors, 0 left on base; Mexico City 4 - Vancouver 5
BOTTOM OF THE 8TH
Vancouver Vipers batting - Pitching for Mexico City Cerveceros : RHP Raúl Gómez
Batting: RHB Quincy Vance 0-0: Foul Ball, location: 2F
0-1: Ball
1-1: DOUBLE (Groundball, 5L)
Pinch Hitting: RHB Ramón Molina 0-0: Intentional Walk
Batting: LHB Brian Ford 0-0: Ball
1-0: Called Strike
1-1: Ball
2-1: Ball
3-1: Base on Balls
Quincy Vance to third
Ramón Molina to second
Batting: RHB Max Alexander 0-0: Swinging Strike
0-1: DOUBLE (Line Drive, 8LXD)
Quincy Vance scores
Ramón Molina scores
Brian Ford to third
Runner from 3rd tries for Home, SAFE, no throw
Pitching: LHP Daniel Draper
Batting: LHB Collin Smith 0-0: Called Strike
0-1: Ball
1-1: Called Strike
1-2: Ball
2-2: Ball
3-2: SINGLE (Groundball, 6) (infield hit)
Max Alexander to third
Batting: LHB Stan Bates 0-0: Called Strike
0-1: Foul Ball, location: 2F
0-2: Ball
1-2: Ball
2-2: Fly out, F1 (Popup, 15)
Batting: LHB Mike Williams 0-0: Called Strike
0-1: Ball
1-1: Ball
2-1: Called Strike
2-2: Strikes out swinging
Collin Smith is caught stealing 2nd base
Batter strikes out.
Bottom of the 8th over - 3 runs, 3 hits, 0 errors, 1 left on base; Mexico City 4 - Vancouver 8
TOP OF THE 9TH
Mexico City Cerveceros batting - Pitching for Vancouver Vipers : RHP Mark Greene
Pitching: RHP Von Hicks
Now at SS: Eugene Booth
Batting: RHB Robinson Pacheco 0-0: Fly out, F8 (Line Drive, 8LM)
Batting: RHB Juan Brieno 0-0: Fly out, F9 (Flyball, 9D)
Batting: SHB Nate Rhodes 0-0: Ball
1-0: SINGLE (Line Drive, 6MD)
Batting: RHB Lee Price 0-0: Swinging Strike
0-1: Ball
1-1: Ball
2-1: Foul Ball, location: 2F
2-2: Ball
3-2: Foul Ball, location: 2F
3-2: Strikes out looking
Top of the 9th over - 0 runs, 1 hit, 0 errors, 1 left on base; Mexico City 4 - Vancouver 8
Saturday, December 16th, 2017 - OOTP Baseball 18.8 Build 76